Map: Lerilak Crest

Players

CalebAracous

  • Race: Zerg Zerg
  • League: Grandmaster

desRow - Winner!

  • Race: Protoss Protoss
  • League: Grandmaster

VOD

Have the link to the VOD?

Description

Time

  • Played on: Feb. 19, 2016, 6:34 p.m.
  • Length: 6:16
Show
View Real Time Build Order
Export as new Build Order

CalebAracous Zerg 

Build Orders: Hatch First 

Get SALT Encoding   

  12  0:00  Drone  
  13  0:12  Overlord  
  13  0:17  Drone  
  14  0:34  Drone x3  
  17  0:55  Hatchery  
  16  0:59  Drone x2  
  18  1:12  Extractor  
  18  1:15  Spawning Pool  
  16  1:30  Drone x3  
  19  1:43  Overlord  
  19  1:52  Drone  
  20  2:01  Queen  
  20  2:05  Zergling x2  
  20  2:07  Queen  
  20  2:08  Zergling x2  
  26  2:15  Metabolic Boost  
  26  2:27  Hatchery  
  25  2:40  Zergling x4  
  25  2:43  Queen  
  29  2:46  Drone  
  29  2:49  Drone  
  31  2:54  Drone x2  
  33  3:01  Overlord  
  33  3:04  Drone x2  
  34  3:11  Drone x2  
  36  3:15  Extractor, Drone  
  36  3:22  Drone  
  36  3:23  Overlord  
  37  3:30  Drone x2  
  39  3:34  Roach Warren  
  38  3:41  Overlord  
  38  3:45  Queen  
  40  3:50  Drone  
  40  3:51  Drone  
  42  3:57  Lair  
  42  4:02  Evolution Chamber  
  41  4:05  Drone x2  
  41  4:06  Drone  
  44  4:11  Spore Crawler  
  44  4:13  Spore Crawler  
  44  4:17  Drone  
  41  4:18  Drone  
  42  4:32  Drone  
  42  4:33  Drone x4  
  47  4:42  Overlord  
  47  4:43  Overlord  
  47  4:44  Drone x2  
  49  4:50  Extractor  
  48  5:03  Hydralisk Den  
  48  5:05  Spore Crawler  
  46  5:07  Spore Crawler  
  46  5:10  Drone x9  
  54  5:19  Drone x4  
  56  5:22  Overlord, Extractor  
  56  5:26  Roach  
  57  5:28  Roach  
  57  5:32  Roach  
  61  5:40  Roach x2  
  59  5:50  Roach  
Show
View Real Time Build Order
Export as new Build Order

desRow Protoss - Winner!

Build Orders: 1 Gate Expand, Phoenix Opening 

Get SALT Encoding   

  12  0:01  Probe (Chrono Boost)  
  13  0:12  Probe (Chrono Boost)  
  14  0:19  Pylon  
  14  0:22  Probe (Chrono Boost)  
  15  0:37  Probe (Chrono Boost)  
  15  0:38  Gateway  
  16  0:48  Probe (Chrono Boost)  
  17  0:51  Assimilator  
  17  0:58  Probe (Chrono Boost)  
  18  1:13  Probe (Chrono Boost)  
  19  1:23  Probe (Chrono Boost)  
  20  1:29  Nexus  
  20  1:34  Probe (Chrono Boost)  
  21  1:46  Probe (Chrono Boost)  
  22  1:47  Cybernetics Core  
  22  1:59  Pylon  
  22  2:01  Probe (Chrono Boost)  
  22  2:03  Assimilator  
  23  2:17  Probe (Chrono Boost)  
  24  2:27  Warp Gate (Chrono Boost), Adept (Chrono Boost)  
  24  2:28  Probe (Chrono Boost)  
  26  2:40  Probe x2  
  28  2:48  Stargate  
  28  2:50  Probe  
  30  2:51  Stalker (Chrono Boost)  
  30  2:52  Probe  
  32  3:01  Probe  
  32  3:05  Probe  
  34  3:11  Gateway, Probe  
  34  3:17  Probe  
  36  3:22  Probe  
  36  3:23  Gateway  
  37  3:28  Pylon  
  37  3:29  Probe  
  37  3:32  Probe  
  39  3:36  Phoenix (Chrono Boost)  
  39  3:41  Probe  
  40  3:45  Pylon  
  40  3:48  Forge  
  40  3:51  Mothership Core (Chrono Boost)  
  42  3:59  Probe  
  42  4:00  Phoenix (Chrono Boost)  
  45  4:10  Probe  
  45  4:12  Probe  
  47  4:21  Probe  
  47  4:22  Phoenix (Chrono Boost), Assimilator  
  47  4:23  Assimilator  
  47  4:24  Probe  
  51  4:28  Adept x2  
  55  4:32  Adept, Probe  
  55  4:35  Pylon  
  55  4:37  Probe  
  59  4:42  Probe  
  59  4:43  Phoenix (Chrono Boost)  
  62  4:50  Pylon  
  62  4:53  Probe  
  62  4:58  Adept x2  
  62  4:59  Adept  
  69  5:09  Phoenix (Chrono Boost), Probe  
  69  5:10  Probe  
  73  5:24  Probe  
  73  5:25  Probe  
  75  5:30  Phoenix (Chrono Boost)  
  77  5:49  Probe  
  75  5:51  Probe  
  75  5:53  Nexus  
  75  5:56  Pylon  
  77  5:57  Pylon  
  77  6:03  Probe  
Tags
 
Add a new tag
Caveats
  • Supply blocks, unpowered buildings, or Contaminate may cause inaccurate times.
  • Supply counts are checked every 10 seconds.